 Dungeon Crawl Stone Soup version 0.31-a0-819-gf6de2f5ab6 (webtiles) character file.

Game seed: 12609571024780691826

273 qw the Shooter (level 6, -3/37 HPs)
             Began as a Gargoyle Hunter on Sept 23, 2023.
             Killed from afar by Ijyb (22 damage)
             ... with a bolt of acid
             ... on level 3 of the Dungeon.
             The game lasted 00:00:48 (2019 turns).

qw the Shooter (Gargoyle Hunter)                    Turns: 2019, Time: 00:00:48

Health: -3/37      AC:  6    Str: 14    XL:     6   Next: 24%
Magic:  6/6        EV: 10    Int: 10    God:
Gold:   84         SH:  0    Dex: 15    Spells: 5/5 levels left

rFire   . . .        Y - +0 shortbow
rCold   . . .        (shield currently unavailable)
rNeg    + . .        f - +0 ring mail
rPois   inf          (no helmet)
rElec   +            (no cloak)
rCorr   .            (no gloves)
SInv    .            b - +0 pair of boots
Will    .....        (no amulet)
Stlth   +            (no ring)
HPRegen 0.26/turn    (no ring)
MPRegen 0.10/turn

%: no passive effects
@: corroded
A: sickness immunity, AC +4, negative energy resistance 1, electricity
resistance, torment resistance 1, petrification resistance
a: no special abilities


You were on level 3 of the Dungeon.
You visited 1 branch of the dungeon, and saw 3 of its levels.

You collected 84 gold pieces.


Innate Abilities, Weirdness & Mutations

You are immune to sickness and miasma.
Your stone body is resilient. (AC +4)
You are immune to poison.
You resist negative energy. (rN+)
You are resistant to electric shocks. (rElec)
You are resistant to unholy torment.
You are immune to petrification.


   Skills:
 + Level 3.4 Fighting
 - Level 6.7 Ranged Weapons
 - Level 1.2 Armour
 - Level 1.5 Dodging
 - Level 1.1 Stealth


You had 5 spell levels left.
You didn't know any spells.
Your spell library was empty.

Inventory:

Hand Weapons
 Y - a +0 shortbow (weapon)
Armour
 b - a +0 pair of boots (worn)
 f - a +0 ring mail (worn)
 g - a +2 robe of willpower
Scrolls
 c - 2 scrolls of identify
 d - 3 scrolls of teleportation
 h - a scroll of noise {unknown}
 j - a scroll of revelation {unknown}
Potions
 a - a potion of curing {unknown}
 e - a potion of heal wounds {unknown}
 i - a potion of mutation {unknown}

Dungeon Overview and Level Annotations

Branches:
Dungeon (3/15)

Altars:
Dithmenos

Annotations:
D:2 1 runed translucent door, Crazy Yiuf
D:3 Ijyb


Message History

Ijyb screams, "No!
No, no, no, no!"
You shoot an arrow. The arrow hits Ijyb.
Ijyb is moderately wounded.
A goblin comes into view.
It is wielding a +2 dagger of electrocution.
You shoot an arrow. The arrow closely misses Ijyb.
The goblin shouts!
You shoot an arrow. The arrow closely misses Ijyb.
Ijyb hits you but does no damage.
Ijyb screams, "Get away!"
Ijyb closely misses you.
You shoot an arrow. The arrow closely misses Ijyb.
Ijyb closely misses you.
You shoot an arrow. The arrow closely misses Ijyb.
Ijyb zaps a wand.
The bolt of acid hits you.
You shoot an arrow. The arrow closely misses Ijyb.
The arrow hits the goblin.
The goblin is heavily wounded.
You shoot an arrow. The arrow closely misses the goblin.
Ijyb closely misses you. The goblin closely misses you.
You shoot an arrow. The arrow misses the goblin.
Ijyb hits you but does no damage.
The goblin hits you with a +2 dagger of electrocution.
You shoot an arrow. The arrow hits the goblin.
You kill the goblin!
Ijyb closely misses you.
You shoot an arrow. The arrow barely misses Ijyb.
Ijyb hits you with a +0 dagger. Ijyb closely misses you.
You shoot an arrow. The arrow hits Ijyb.
Ijyb is moderately wounded.
Ijyb zaps a wand.
The bolt of acid hits you! The acid corrodes you!
You shoot an arrow. The arrow hits Ijyb but does no damage.
Ijyb is moderately wounded.
Ijyb hits you but does no damage.
You shoot an arrow. The arrow hits Ijyb but does no damage.
Ijyb is moderately wounded.
Ijyb hits you but does no damage.
You shoot an arrow. The arrow hits Ijyb but does no damage.
Ijyb is moderately wounded.
Ijyb zaps a wand.
The bolt of acid hits you!!
Ouch! That really hurt!
You die...

....... .............
...##.. ............
....... ........... ..
.###### ........
###...#####. ......
............ #...
..........
#####)########.######.
#.%..@g..........####%
#..........####.#......
#..........####.#.#####
#...............#.....#
#.^.........##...###..#
........................
..........#..##...######
..........#............#
########.##.......#.#


You could see Ijyb.

Vanquished Creatures
  Sigmund (D:3)
  An iguana (D:3)
  3 adders (D:2)
  A worm (D:2)
  5 endoplasms
  3 giant cockroaches (D:1)
  8 hobgoblins
  A kobold (D:1)
  2 quokkas
  2 ball pythons
  15 bats
  3 frilled lizards
  2 goblins
  2 rats
49 creatures vanquished.

Notes
Turn   | Place    | Note
-------+----------+-------------------------------------------
     0 | D:1      | qw the Gargoyle Hunter began the quest for the Orb.
     0 | D:1      | Reached XP level 1. HP: 12/12 MP: 1/1
     0 | D:1      | 0 ||| qw: Version: 0.3-a-83-gcd0e7d8
     0 | D:1      | 0 ||| qw: Game counter: 1742
     0 | D:1      | 0 ||| qw: Melee chars always use a shield: true
     0 | D:1      | 0 ||| qw: God list: Okawaru
     0 | D:1      | 0 ||| qw: Allow faded altars: false
     0 | D:1      | 0 ||| qw: Do Orc after clearing Dungeon:15 true
     0 | D:1      | 0 ||| qw: Do second Lair branch before Depths: true
     0 | D:1      | 0 ||| qw: Lair rune preference: random
     0 | D:1      | 0 ||| qw: Goals: Normal
     0 | D:1      | 0 ||| PLANNING D:1-11
   144 | D:1      | Reached XP level 2. HP: 14/17 MP: 2/2
   586 | D:1      | 586 ||| UPGRADING to +0 ring mail.
   596 | D:1      | 596 ||| DROPPING +0 leather armour.
   597 | D:1      | 597 ||| READING scroll labelled POTIMU USONOGO.
   598 | D:1      | 598 ||| READING scroll labelled XOMA JIKELYCLEOSK.
   603 | D:1      | 603 ||| READING scroll labelled FUIXUTUTZIZ.
   604 | D:1      | 604 ||| DROPPING scroll of butterflies.
   623 | D:2      | Reached skill level 1 in Armour
   623 | D:2      | Reached XP level 3. HP: 14/21 MP: 3/3
   623 | D:2      | 623 ||| STAIRDANCE
   682 | D:2      | Found a runed translucent door.
   683 | D:2      | Noticed Crazy Yiuf
   790 | D:2      | Reached skill level 5 in Ranged Weapons
  1083 | D:2      | Reached XP level 4. HP: 27/27 MP: 4/4
  1110 | D:2      | Reached skill level 3 in Fighting
  1332 | D:2      | 1332 ||| UPGRADING to +0 pair of boots.
  1337 | D:2      | 1337 ||| READING scroll labelled NYPOKK YLIMU.
  1380 | D:3      | Found a shadowy altar of Dithmenos.
  1431 | D:3      | Noticed Sigmund
  1452 | D:3      | Killed Sigmund
  1453 | D:3      | Reached skill level 6 in Ranged Weapons
  1453 | D:3      | Reached XP level 5. HP: 15/32 MP: 5/5
  1453 | D:3      | Reached XP level 6. HP: 17/37 MP: 6/6
  2004 | D:3      | Noticed Ijyb
  2019 | D:3      | Killed from afar by Ijyb

Levels and vault maps discovered:
D:1:      dpeg_arrival_orchard, layout_loops_cross
D:2:      layout_loops_cross, serial_glass, glass_columns_a, glass_columns_a,
          uniq_crazy_yiuf_cottage
D:3:      layout_basic, grunt_dithmenos_smoke_and_mirrors, xom_teletrap_fun,
          minitemple, dreamdust_ecumenical_altar_grove, uniq_ijyb, uniq_sigmund

Skill      XL: |  1  2  3  4 |
---------------+-------------+-----
Armour         | 1 |  1.2
Ranged Weapons | 5 6 |  6.7
Fighting       | 3 |  3.4
Dodging        | |  1.5
Stealth        | |  1.1

Action                     |  1- 3 |  4- 6 || total
---------------------------+-------+-------++-------
   Fire: Shortbow          |   113 |    94 ||   207
    Use: Scroll            |     3 |     1 ||     4
 Armour: Leather armour    |    10 |       ||    10
         Ring mail         |    16 |    39 ||    55
  Dodge: Dodged            |    34 |    35 ||    69

Table legend:
 A = Non-vault XP
 B = Vault XP
 C = Vault XP percentage of total XP
 D = Non-vault monster count
 E = Vault monster count
 F = Vault count percentage of total count
                 A         B        C        D         E       F
            +---------+---------+-------+---------+---------+-------
      Total |     152 |     239 |  61.1 |      48 |       1 |   2.0
            +---------+---------+-------+---------+---------+-------
        D:1 |      30 |       0 |   0.0 |      17 |       0 |   0.0
        D:2 |      71 |       0 |   0.0 |      20 |       0 |   0.0
        D:3 |      51 |     239 |  82.4 |      11 |       1 |   8.3
            +---------+---------+-------+---------+---------+-------
